 Dungeon Crawl Stone Soup version 0.31-a0-986-g5e6e4ef867 (webtiles) character file.

Game seed: 12181229918142900423

3302 pokeman the Thaumaturge (level 9, -4/46 (51) HPs)
             Began as a Deep Elf Hedge Wizard on Nov 22, 2023.
             Was an Initiate of Vehumet.
             Slain by a wight
             ... wielding a +0 halberd
              (9 damage)
             ... on level 8 of the Dungeon.
             The game lasted 00:21:24 (7768 turns).

pokeman the Thaumaturge (Deep Elf Hedge Wizard)     Turns: 7768, Time: 00:21:25

HP:   -4/46 (51)    AC:  8    Str:  7    XL:     9   Next: 70%
MP:   20/36         EV: 13    Int: 24    God:    Vehumet [......]
Gold: 388           SH:  5    Dex: 14    Spells: 17/32 levels left

rFire   . . .        x - +0 long sword (elec)
rCold   . . .        (no shield)
rNeg    . . .        J - +0 steam dragon scales
rPois   +            F - +2 hat
rElec   .            j - +0 cloak
rCorr   .            (no gloves)
SInv    .            (no boots)
Will    .....        c - amulet of reflection
Stlth   ++           K - ring of poison resistance
HPRegen 0.27/turn    A - ring of magical power
MPRegen 0.25/turn

%: reflection
@: drained
A: no striking features
a: Renounce Religion


You were on level 8 of the Dungeon.
You worshipped Vehumet.
Vehumet was noncommittal.
You visited 2 branches of the dungeon, and saw 9 of its levels.
You also visited: Sewer.

You collected 388 gold pieces.

Inventory:

Hand Weapons
 x - a +0 long sword of electrocution (weapon)
 D - a +1 dagger of venom
Missiles
 H - a curare-tipped dart
Armour
 j - a +0 cloak (worn)
 p - a +0 buckler
 F - a +2 hat (worn)
 J - +0 steam dragon scales (worn)
Jewellery
 c - an amulet of reflection (around neck)
 e - a ring of see invisible
 n - an amulet of faith
 A - a ring of magical power (right hand)
 G - a ring of positive energy
 K - a ring of poison resistance (left hand)
Wands
 b - a wand of charming (14)
 I - a wand of flame (44)
Scrolls
 f - 10 scrolls of identify {unknown}
 g - 9 scrolls of teleportation {unknown}
 h - 3 scrolls of revelation {unknown}
 k - 2 scrolls of enchant weapon {unknown}
 l - 2 scrolls of blinking {unknown}
 q - 2 scrolls of amnesia {unknown}
 r - 2 scrolls of summoning {unknown}
 s - 2 scrolls of fog {unknown}
 u - 3 scrolls of noise {unknown}
 v - 2 scrolls of enchant armour {unknown}
 y - a scroll of immolation {unknown}
 B - 2 scrolls of fear {unknown}
 E - a scroll of vulnerability {unknown}
Potions
 a - 2 potions of cancellation {unknown}
 d - a potion of magic
 i - 4 potions of heal wounds
 m - 2 potions of curing
 o - a potion of attraction {unknown}
 t - 4 potions of enlightenment
 w - 3 potions of might {unknown}
 z - a potion of haste {unknown}
 C - a potion of berserk rage {unknown}
 L - a potion of brilliance {unknown}


   Skills:
 + Level 3.3 Fighting
 - Level 3.0 Armour
 - Level 3.2 Dodging
 - Level 3.0 Stealth
 * Level 12.1 Spellcasting
 + Level 6.7 Conjurations
 - Level 1.1 Summonings
 - Level 1.1 Translocations
 + Level 5.9 Fire Magic
 - Level 1.1 Air Magic
 - Level 1.0 Poison Magic
 - Level 1.0 Evocations


You had 17 spell levels left.
You knew the following spells:

 Your Spells              Type           Power      Damage    Failure   Level
a - Magic Dart            Conj           100%       1d8       1%          1
b - Mephitic Cloud        Conj/Pois/Air  28%        N/A       3%          3
c - Call Imp              Summ           38%        N/A       4%          2
d - Blink                 Tloc           38%        N/A       4%          2
e - Foxfire               Conj/Fire      100%       2x1d9     1%          1
f - Starburst             Conj/Fire      22%        6d7       43%         6

Your spell library contained the following spells:

 Spells                   Type           Power      Damage    Failure   Level
 Hailstorm                Conj/Ice       30%        3d8       3%          3
 Slow                     Hex            56%        N/A       4%          1
 Cigotuvi's Dreadful Rot  Necr/Pois/Air  36%        N/A       4%          2
 Sublimation of Blood     Necr           14%        N/A       6%          2
 Wereblood                Tmut           14%        N/A       6%          2
 Summon Ice Beast         Ice/Summ       17%        N/A       34%         4
 Animate Dead             Necr           14%        N/A       38%         4
 Plasma Beam              Fire/Air       15%        2x1d27    83%         6
 Simulacrum               Ice/Necr       7%         N/A       100%        6
 Haunt                    Necr/Summ      8%         N/A       100%        7
 Summon Hydra             Summ           9%         N/A       100%        7
 Infestation              Necr           7%         N/A       100%        8


Dungeon Overview and Level Annotations

Branches:
Dungeon (8/15)             Temple (1/1) D:7           Sewer (visited)
   Lair: D:8-11

Altars:
Ashenzari
Cheibriados
Dithmenos
Elyvilon
Fedhas
Gozag
Hepliaklqana
Kikubaaqudgha
Makhleb
Nemelex Xobeh
Okawaru
Qazlal
Ru
Sif Muna
Trog
Uskayaw
Vehumet
Yredelemnul
Zin
The Shining One

Annotations:
D:8 3 runed translucent doors


Message History

The wight hits you with a +3 long sword!
You closely miss the wight.
The foxfire hits the wight but does no damage.
The foxfire hits the wight.
The wight is lightly damaged.
The wight hits you with a +3 long sword.
A wight comes into view. It is wielding a +0 halberd.
The wight hits you with a +3 long sword!
You feel drained.
Casting: Foxfire (safe; 1% risk of failure)
Confirm with . or Enter, or press ? or * to list all spells.
You conjure some foxfire!
The wight misses you.
You barely miss the wight.
The wight is lightly damaged.
The foxfire hits the wight.
The wight is moderately damaged.
The foxfire hits the wight.
The wight is moderately damaged.
The wight barely misses you.
Casting: Foxfire (safe; 1% risk of failure)
Confirm with . or Enter, or press ? or * to list all spells.
You conjure some foxfire!
The wight hits you with a +3 long sword.
You closely miss the wight.
The wight is moderately damaged.
The foxfire hits the wight but does no damage.
The wight is moderately damaged.
The foxfire hits the wight but does no damage.
The wight is moderately damaged.
The wight hits you with a +3 long sword!
You feel drained.
Casting: Foxfire (safe; 1% risk of failure)
Confirm with . or Enter, or press ? or * to list all spells.
You conjure some foxfire!
The wight hits you with a +3 long sword!
* * * LOW HITPOINT WARNING * * *
You feel drained.
* * * LOW HITPOINT WARNING * * *
The wight hits you from afar with a +0 halberd!
You die...

###.# #.# ##.##
.....###..#
###.## .........#
##...#######
........#
#..........#
#.....#
##.....#####.
##...## ##.##..##
##...####.####.##
#....#..##
#vz#######
##.......#
#@vz)....#
#.......##
########.†#
##.#####..# ..z.#
#.## ##......#
....... #.#
####... ....###
#.## . ...##
#..## ##### .#.#
##..###...####
##.#
#..#..###...#


You could see 2 wights.

Vanquished Creatures
  Pikel (D:5)
  A steam dragon (D:8)
  An orc warrior (D:7)
  3 ogres
  4 centaurs
  A phantom (D:4)
  4 lemures (D:5)
  3 kobold brigands
  3 scorpions
  10 wights
  6 killer bees
  An orc priest (D:3)
  3 hounds
  3 jellies (D:5)
  2 sleepcaps
  2 iguanas (D:5)
  2 orc wizards (D:7)
  2 gnolls (D:4)
  9 adders
  2 river rats (Sewer)
  6 shadow imps
  4 white imps
  4 dart slugs
  24 orcs
  5 ball pythons
  2 endoplasms
  4 giant cockroaches
  15 goblins
  13 hobgoblins
  6 jackals
  4 quokkas
  7 bats
  8 frilled lizards
  22 kobolds
  5 rats
192 creatures vanquished.

Vanquished Creatures (collateral kills)
  2 killer bees (D:8)
  7 foxfires (D:3)
9 creatures vanquished.

Vanquished Creatures (others)
  647 foxfires
647 creatures vanquished.

Grand Total: 848 creatures vanquished

Notes
Turn   | Place    | Note
-------+----------+-------------------------------------------
     0 | D:1      | pokeman the Deep Elf Hedge Wizard began the quest for the
                  | Orb.
     0 | D:1      | Reached XP level 1. HP: 10/10 MP: 7/7
   274 | D:1      | Reached XP level 2. HP: 8/16 MP: 1/9
   637 | D:1      | Reached skill level 5 in Spellcasting
   718 | D:1      | Reached XP level 3. HP: 13/20 MP: 3/11
   722 | D:1      | Learned a level 3 spell: Mephitic Cloud
   725 | D:1      | Learned a level 2 spell: Call Imp
   728 | D:1      | Learned a level 2 spell: Blink
  1418 | D:2      | Learned a level 1 spell: Foxfire
  1563 | D:3      | Reached skill level 1 in Fighting
  1563 | D:3      | Reached skill level 1 in Armour
  1800 | D:3      | Reached XP level 4. HP: 25/25 MP: 10/13
  2623 | D:4      | Noticed an ogre
  2727 | D:4      | Killed an ogre
  2728 | D:4      | Reached skill level 6 in Spellcasting
  2728 | D:4      | Reached skill level 1 in Poison Magic
  2728 | D:4      | Reached XP level 5. HP: 29/29 MP: 9/15
  3048 | D:4      | Identified the +6 trident "Beirch" {antimagic, rElec rC+}
  3151 | D:4      | Reached XP level 6. HP: 32/34 MP: 14/17
  3218 | D:4      | Reached skill level 7 in Spellcasting
  3218 | D:4      | Reached skill level 1 in Fire Magic
  3218 | D:4      | Reached skill level 1 in Air Magic
  3481 | D:4      | Learned a level 6 spell: Starburst
  3861 | D:5      | Entered Level 5 of the Dungeon
  4057 | D:5      | Reached XP level 7. HP: 38/38 MP: 20/20
  4240 | D:5      | Reached skill level 8 in Spellcasting
  4374 | D:5      | Noticed Pikel
  4900 | D:5      | Killed Pikel
  4901 | D:5      | Reached skill level 9 in Spellcasting
  4901 | D:5      | Reached skill level 5 in Conjurations
  4901 | D:5      | Reached XP level 8. HP: 39/44 MP: 14/23
  5020 | D:6      | Found a glowing drain.
  5029 | Sewer    | Entered a sewer
  5118 | Sewer    | Reached skill level 10 in Spellcasting
  5175 | Sewer    | Found a white marble altar of Elyvilon.
  5537 | D:6      | Reached XP level 9. HP: 48/48 MP: 25/25
  5941 | D:6      | Reached skill level 5 in Fire Magic
  5976 | D:6      | Reached skill level 11 in Spellcasting
  6662 | D:7      | Reached skill level 1 in Evocations
  6797 | D:7      | Identified the +0 chain mail of Precision Catastrophes
                  | {Harm *Corrode rElec Will+++}
  6889 | D:7      | Found a staircase to the Ecumenical Temple.
  6898 | Temple   | Entered the Ecumenical Temple
  6920 | Temple   | Became a worshipper of Vehumet
  7397 | D:8      | Found a runed translucent gate.
  7397 | D:8      | Found a runed translucent gate.
  7397 | D:8      | Found a runed translucent gate.
  7398 | D:8      | Noticed a red ugly thing
  7398 | D:8      | Noticed a white ugly thing
  7398 | D:8      | Noticed a glowing orange brain
  7399 | D:8      | Noticed a cyan ugly thing
  7400 | D:8      | Noticed a red ugly thing
  7752 | D:8      | Reached skill level 12 in Spellcasting
  7768 | D:8      | Slain by a wight

Illustrated notes

Levels and vault maps discovered:
D:1:      spicycebolla_green_bress_n_ham, layout_rooms
D:2:      layout_rooms
D:3:      layout_rooms, chequers_big_river
D:4:      corexii_shantytown, layout_basic
D:5:      layout_rooms, uniq_pikel
D:6:      layout_basic, mainiacjoe_sewer_entry_somewhere_in_here_1
D:7:      layout_cave_pools, lemuel_temple_firewalk_a
D:8:      layout_layer_cave, ploomutoo_gammafunk_ghost_potion_laboratory
Temple:   nicolae_temple_bog_church

Skill      XL: |  1  2  3  4  5  6  7  8  9 |
---------------+----------------------------+-----
Spellcasting   | 5 6 7 9 10 12 | 12.1
Fighting       | 1 2 3 |  3.3
Armour         | 1 2 3 |  3.0
Conjurations   | 2 3 5 6 |  6.7
Stealth        | 3 |  3.0
Dodging        | 3 |  3.2
Poison Magic   | 1 |  1.0
Fire Magic     | 2 4 5 |  5.9
Air Magic      | 1 |  1.1
Evocations     | 1 |  1.0
Summonings     | |  1.1
Translocations | |  1.1

Action                     |  1- 3 |  4- 6 |  7- 9 || total
---------------------------+-------+-------+-------++-------
  Melee: Dagger            |     5 |       |       ||     5
         Short sword       |    18 |    10 |       ||    28
         Long sword        |       |    17 |    50 ||    67
   Cast: Magic Dart        |    82 |     4 |    15 ||   101
         Foxfire           |    15 |   138 |   211 ||   364
         Mephitic Cloud    |       |       |    22 ||    22
         Blink             |       |       |     5 ||     5
         Call Imp          |       |       |     2 ||     2
   Stab: Confused          |       |       |     4 ||     4
 Armour: Robe              |    28 |    19 |    61 ||   108
         Steam dragon scal |       |       |     8 ||     8
  Dodge: Dodged            |    21 |    19 |    68 ||   108
  Block: Other             |       |     7 |    19 ||    26
         Reflection        |       |       |     2 ||     2

Table legend: (Time is in decaauts)
 A = Elapsed time spent in this place.
 B = Non-inter-level travel time spent in this place.
 C = Inter-level travel time spent in this place.
 D = Time resting spent in this place.
 E = Time spent auto-exploring this place.
 F = Levels seen in this place.
 G = Mean time per level.
                   A        B        C        D        E       F      G
               +--------+--------+--------+--------+--------+-----+--------+
         Total |   7819 |   7584 |    235 |    119 |   6207 |  10 |  781.9 |
       Dungeon |   7559 |   7367 |    192 |    119 |   6033 |   8 |  944.9 |
        Temple |     46 |      3 |     43 |      0 |      0 |   1 |   46.0 |
         Sewer |    213 |    213 |      0 |      0 |    173 |   1 |  213.0 |
               +--------+--------+--------+--------+--------+-----+--------+

Top non-repeatable levels by time:
     D:4: 1336 daAuts
     D:6: 1265 daAuts
     D:3: 1124 daAuts
     D:5: 1015 daAuts
     D:1: 869 daAuts
     D:7: 760 daAuts
     D:2: 656 daAuts
     D:8: 531 daAuts
   Sewer: 213 daAuts
  Temple: 46 daAuts
